 Dungeon Crawl Stone Soup version 0.31-a0-198-g2ad674f65e (webtiles) character file.

Game seed: 557482048307814258

24 qw the Shooter (level 2, -4/16 HPs)
             Began as a Deep Elf Hunter on June 25, 2023.
             Engulfed by a cloud of flame (20 damage)
             ... on level 1 of the Dungeon.
             The game lasted 00:00:12 (458 turns).

qw the Shooter (Deep Elf Hunter)                     Turns: 458, Time: 00:00:13

Health: -4/16      AC:  3    Str:  8    XL:     2   Next: 79%
Magic:  4/4        EV: 12    Int: 13    God:
Gold:   37         SH:  0    Dex: 18    Spells: 1/1 levels left

rFire   . . .        a - +0 shortbow
rCold   . . .        (shield currently unavailable)
rNeg    . . .        c - +0 leather armour
rPois   .            (no helmet)
rElec   .            (no cloak)
rCorr   .            (no gloves)
SInv    .            (no boots)
Will    .....        (no amulet)
Stlth   ++           (no ring)
HPRegen 0.22/turn    (no ring)
MPRegen 0.09/turn

%: no passive effects
@: no status effects
A: no striking features
a: no special abilities


You were on level 1 of the Dungeon.
You visited 1 branch of the dungeon, and saw 1 of its levels.

You collected 37 gold pieces.


   Skills:
 - Level 1.5 Fighting
 + Level 6.5 Ranged Weapons
 - Level 2.4 Dodging
 - Level 1.2 Stealth


You had one spell level left.
You didn't know any spells.
Your spell library was empty.

Inventory:

Hand Weapons
 a - a +0 shortbow (weapon)
Armour
 c - a +0 leather armour (worn)
 f - a +0 scale mail
Jewellery
 h - a ring of see invisible
Scrolls
 b - a scroll of butterflies
 d - a scroll of identify {unknown}
 e - a scroll of fear {unknown}
 j - a scroll of immolation {unknown}
Potions
 g - a potion of resistance {unknown}
 i - a potion of lignification {unknown}

Dungeon Overview and Level Annotations

Branches:
Dungeon (1/15)

Altars:


Message History

You kill the hobgoblin!
You start resting.
HP restored.
There is an open door, spattered with blood here.
You see here a hobgoblin corpse.
You open the door.
A frilled lizard comes into view.
Enter note:
Enter note:
Enter note:
Enter note:
Enter note: You shoot an arrow.
The arrow hits the frilled lizard.
The frilled lizard hisses angrily.
The frilled lizard is heavily wounded.
You shoot an arrow. The arrow hits the frilled lizard.
You kill the frilled lizard!
There is an open door here.
You see here a frilled lizard corpse.
A rat comes into view.
Enter note:
Enter note:
Enter note:
Enter note:
Enter note:
Enter note: You shoot an arrow.
The arrow hits the rat!
You kill the rat!
j - a scroll labelled XUTTAR JECIESA
Enter note:
Enter note:
Enter note:
Enter note:
Enter note:
Enter note: You open the door.
There is an open door here.
You open the door.
You are engulfed in blazing flames.
Ouch! That really hurt!
You die...

......+.#.#.........#...#.####
...#.#.#..#...#..#.#.#.#
..#.#.#.........#.###.#
##+####....#.........#.....#
#........#.#..#...#..#.#####
##........'.#...00....#.#
..........#.....000.....#
..........###..#08.#..#.####
..........###..@......#....###
...........#####'#+#####.#...#
.............+
+.#.%.%...###.##
..........#.####.#.#######
#%.## ..........#....#.#.#
##... ##........####.....#
#### #........# ####### ##
#........# #. ########## #.


There were no monsters in sight!

Vanquished Creatures
  2 dart slugs (D:1)
  4 endoplasms (D:1)
  A giant cockroach (D:1)
  A goblin (D:1)
  3 hobgoblins (D:1)
  2 ball pythons (D:1)
  A bat (D:1)
  5 frilled lizards (D:1)
  A rat (D:1)
20 creatures vanquished.

Notes
Turn   | Place    | Note
-------+----------+-------------------------------------------
     0 | D:1      | qw the Deep Elf Hunter began the quest for the Orb.
     0 | D:1      | Reached XP level 1. HP: 12/12 MP: 3/3
     0 | D:1      | 0 ||| qw: Version: 0.3-a-22-g0ed2b0b
     0 | D:1      | 0 ||| qw: Game counter: 4931
     0 | D:1      | 0 ||| qw: Melee chars always use a shield: true
     0 | D:1      | 0 ||| qw: God list: Okawaru
     0 | D:1      | 0 ||| qw: Allow faded altars: false
     0 | D:1      | 0 ||| qw: Do Orc after clearing Dungeon:15 true
     0 | D:1      | 0 ||| qw: Do second Lair branch before Depths: true
     0 | D:1      | 0 ||| qw: Lair rune preference: random
     0 | D:1      | 0 ||| qw: Goals: Normal
     0 | D:1      | 0 ||| PLANNING D:1-11
    76 | D:1      | Reached XP level 2. HP: 11/16 MP: 4/4
   169 | D:1      | Reached skill level 6 in Ranged Weapons
   179 | D:1      | 179 ||| FLEEEEING.
   458 | D:1      | Engulfed by a cloud of flame

Levels and vault maps discovered:
D:1:      shiori_arrival_oz, layout_basic

Skill      XL: |  1  2 |
---------------+-------+-----
Ranged Weapons | 6 |  6.5
Fighting       | |  1.5
Dodging        | |  2.4
Stealth        | |  1.2

Action                     || total
---------------------------++-------
   Fire: Shortbow          ||    49
 Armour: Leather armour    ||     5
  Dodge: Dodged            ||     9

Table legend:
 A = Non-vault XP
 B = Vault XP
 C = Vault XP percentage of total XP
 D = Non-vault monster count
 E = Vault monster count
 F = Vault count percentage of total count
                 A         B        C        D         E       F
            +---------+---------+-------+---------+---------+-------
      Total |      33 |       2 |   5.7 |      19 |       1 |   5.0
            +---------+---------+-------+---------+---------+-------
        D:1 |      33 |       2 |   5.7 |      19 |       1 |   5.0
            +---------+---------+-------+---------+---------+-------
